 Dungeon Crawl Stone Soup version 0.27.0-1-g7a089689b8 (webtiles) character file.

Game seed: 2909018139428739673

394 Crazydiamond the Insei (level 6, -1/38 HPs)
             Began as an Octopode Transmuter on Aug 16, 2021.
             Succumbed to a kobold brigand's curare-tipped dart
             ... in a sewer.
             The game lasted 00:13:42 (5560 turns).

Crazydiamond the Insei (Octopode Transmuter)        Turns: 5560, Time: 00:13:42

Health: -1/38      AC:  5    Str: 11    XL:     6   Next: 81%
Magic:  10/10      EV: 14    Int: 21    God:
Gold:   187        SH:  0    Dex: 13    Spells: 4/10 levels left

rFire    + . .     SeeInvis .     - Unarmed
rCold    + . .     Faith    .   (no shield)
rNeg     . . .     Spirit   .   (helmet restricted)
rPois    +         Reflect  .   (no amulet)
rElec    +         Harm     .   a - +6 ring of intelligence
rCorr    +         Rampage  .   d - +4 ring of protection
Will     .....                  (no ring)
Stlth    ++++......             (no ring)
HPRegen  0.12/turn              (no ring)
MPRegen  0.12/turn              (no ring)
                                (no ring)
                                (no ring)

@: lethally poisoned (-1 -> -12), resistant, hasted and slowed
A: almost no armour, amphibious, 8 rings, camouflage 1, gelatinous body 1,
nimble swimmer 1, tentacles
a: no special abilities


You were in a sewer.
You visited 1 branch of the dungeon, and saw 4 of its levels.
You also visited: Sewer.

You collected 187 gold pieces.

Inventory:

Armour
 j - a +0 buckler
Jewellery
 a - a +6 ring of intelligence (left tentacle)
 d - a +4 ring of protection (right tentacle)
 f - a +4 ring of protection
 k - a +6 ring of intelligence
Wands
 n - a wand of charming (4)
Scrolls
 b - 2 scrolls of immolation {unknown}
 c - 5 scrolls of identify {unknown}
 e - 3 scrolls of teleportation {unknown}
 l - a scroll of vulnerability {unknown}
 q - a scroll of amnesia {unknown}
 s - a scroll of fear {unknown}
Potions
 g - a potion of lignification {unknown}
 h - a potion of mutation {unknown}
 i - 2 potions of resistance
 m - a potion of attraction {unknown}
 o - a potion of flight {unknown}
 p - a potion of heal wounds {unknown}
 r - 2 potions of haste
 t - a potion of cancellation {unknown}


   Skills:
 + Level 1.2 Fighting
 + Level 3.2 Dodging
 + Level 3.6 Stealth
 + Level 5.2 Unarmed Combat
 + Level 2.8 Spellcasting
 + Level 2.6 Transmutations
 + Level 1.5 Poison Magic


You had 4 spell levels left.
You knew the following spells:

 Your Spells              Type           Power      Damage    Failure   Level
a - Beastly Appendage     Tmut           28%        N/A       4%          1
b - Wereblood             Tmut           14%        N/A       7%          2
c - Spider Form           Tmut/Pois      5%         N/A       17%         3

Your spell library contained the following spells:

 Spells                   Type           Power      Damage    Failure   Level
 Summon Small Mammal      Summ           12%        N/A       14%         1
 Call Canine Familiar     Summ           3%         N/A       38%         3
 Summon Guardian Golem    Hex/Summ       3%         N/A       38%         3
 Ice Form                 Ice/Tmut       8%         N/A       61%         4


Dungeon Overview and Level Annotations

Branches:
Dungeon (4/15)              Sewer (1/1)
 Temple: D:4-7

Altars:


Innate Abilities, Weirdness & Mutations

You cannot wear most types of armour.
You are amphibious.
You can wear up to eight rings at the same time.
Your skin changes colour to match your surroundings (Stealth+).
Your rubbery body absorbs attacks. (AC +1, EV +1)
You are camouflaged near water. (Stealth+)
You have tentacles for arms and can constrict up to eight enemies at once.


Message History

You see here a +0 short sword.
Things that are here:
a +0 dagger; a +0 short sword
r - 3 silvery potions (gained 1)
You see here a +0 chain mail.
Things that are here:
a +0 dagger; a +0 short sword
There is an open door here.
Found a leather armour.
You open the door.
Found 2 silvery potions and 2 cyan potions.
The kobold shouts!
The kobold brigand shouts!
The kobold brigand throws a curare-tipped dart.
The curare-tipped dart hits you.
You are poisoned.
You have difficulty breathing.
You feel yourself slow down.
The kobold throws a poisoned dart.
The poisoned dart barely misses you.
There is an open door here.
You feel very sick.
The kobold throws a poisoned dart.
The poisoned dart hits you!
You are more poisoned.
You feel very sick.
You feel very sick.
You feel sick.
The kobold throws a poisoned dart.
The poisoned dart hits you!
You are more poisoned.
You feel very sick.
The kobold throws a poisoned dart.
The poisoned dart barely misses you.
The kobold brigand throws a curare-tipped dart.
The curare-tipped dart hits you.
You are lethally poisoned!
You have difficulty breathing.
You feel as though you will be slow longer.
* * * LOW HITPOINT WARNING * * *
You feel extremely sick.
It was a potion of haste.
You feel yourself speed up.
* * * LOW HITPOINT WARNING * * *
You feel very sick.
It was a potion of resistance.
You feel protected.
You die...

#########################
≈≈≈≈≈≈≈≈≈≈≈≈≈≈≈≈≈≈≈≈≈≈≈≈
≈≈≈≈≈≈≈≈≈≈≈≈≈≈≈≈≈≈≈≈≈≈≈
#########≈≈≈≈≈≈#######
#!!#?[##≈#≈#≈#[.#..#
!K..!#≈#≈#≈##.....#
##...###≈#≈#≈##...##
#.K.K.#@#≈#≈##..)).#
#K....##≈#≈#≈#.....#
###'###≈#≈#≈####'###
#....K≈≈≈≈≈≈≈≈≈....#
#....K.≈≈≈≈≈≈≈≈....##
##.....≈≈≈≈≈≈≈≈≈....#
#....#≈≈≈≈≈≈≈≈.....#
#....##≈≈≈≈≈≈≈....##
#.....#≈≈≈≈≈≈≈....#


There were no monsters in sight!

Vanquished Creatures
  A kobold brigand (Sewer)
  An orc priest (D:3)
  A howler monkey zombie (D:3)
  Robin (D:3)
  2 gnolls
  9 adders
  4 river rats (Sewer)
  An adder skeleton (D:4)
  4 worms
  2 dart slugs (D:1)
  4 orcs (D:3)
  7 bats
  5 endoplasms
  3 giant cockroaches
  9 hobgoblins
  4 jackals (D:1)
  17 kobolds
  A quokka (D:1)
  10 ball pythons
  2 frilled lizards
  12 goblins
  25 rats
125 creatures vanquished.

Notes
Turn   | Place    | Note
-------+----------+-------------------------------------------
     0 | D:1      | Crazydiamond the Octopode Transmuter began the quest for
                  | the Orb.
     0 | D:1      | Reached XP level 1. HP: 13/13 MP: 3/3
   386 | D:1      | Reached XP level 2. HP: 18/18 MP: 3/5
   769 | D:1      | Reached XP level 3. HP: 10/23 MP: 6/6
   989 | D:1      | Learned a level 2 spell: Wereblood
   993 | D:1      | Learned a level 3 spell: Spider Form
  1455 | D:1      | Found a faded altar of an unknown god.
  1526 | D:2      | Reached skill level 1 in Stealth
  1763 | D:2      | Reached XP level 4. HP: 28/28 MP: 7/7
  2212 | D:2      | Reached skill level 4 in Unarmed Combat
  2594 | D:3      | Noticed Robin
  2945 | D:3      | Reached XP level 5. HP: 33/33 MP: 8/8
  3581 | D:3      | Reached skill level 1 in Poison Magic
  3588 | D:3      | Killed Robin
  4438 | D:4      | Reached XP level 6. HP: 14/38 MP: 10/10
  4501 | D:4      | Found a glowing drain.
  4704 | Sewer    | Entered a sewer
  5075 | Sewer    | Reached skill level 5 in Unarmed Combat
  5559 | Sewer    | HP: 1/38 [poisoned by a kobold brigand (curare-tipped
                  | dart)]
  5560 | Sewer    | Succumbed to a kobold brigand's curare-tipped dart

Illustrated notes

Levels and vault maps discovered:
D:1:      scummos_arrival_simple_crosswalls, layout_basic,
          shapermc_ecumenical_altar_mp_vishouse, chequers_garden
D:2:      minmay_chambers_of_twos, layout_loops_ring, minmay_misc_feat_square
D:3:      layout_basic, bh_walls_and_bars, uniq_robin
D:4:      layout_basic, chei_slow_surprise, lemuel_coloured_pillars_altar,
          cheibrodos_sewer_entry_drain
Sewer:    sewer_minmay_treatment

Skill      XL: |  1  2  3  4  5  6 |
---------------+-------------------+-----
Stealth        | 1 2 3 |  3.6
Unarmed Combat | 4 5 |  5.2
Poison Magic   | 1 |  1.5
Dodging        | 3 |  3.2
Fighting       | |  1.2
Spellcasting   | |  2.8
Transmutations | |  2.6

Action                   |  1- 3 |  4- 6 || total
-------------------------+-------+-------++-------
Melee: Unarmed           |    67 |   221 ||   288
       Constrict         |    15 |    41 ||    56
       Tentacles         |    10 |    35 ||    45
       Kick              |     3 |     4 ||     7
       Punch             |     1 |     5 ||     6
 Cast: Beastly Appendage |     5 |     1 ||     6
       Spider Form       |     3 |     7 ||    10
  Use: Potion            |       |     2 ||     2
 Stab: Sleeping          |     8 |    12 ||    20
Armor: Skin              |     6 |    44 ||    50
Dodge: Dodged            |    32 |   150 ||   182
